 Dungeon Crawl Stone Soup version 0.32-a0-332-g4264278 (webtiles) character file.

Game seed: 14088416216537118858

58673 namul the Severer (level 14, -2/108 HPs)
             Began as a Minotaur Cinder Acolyte on Feb 16, 2024.
             Was an Elder of Ignis.
             Slain by an angel
             ... wielding a +2 whip of holy wrath
              (9 damage)
             ... on level 2 of the Abyss.
             The game lasted 02:13:42 (25031 turns).

namul the Severer (Minotaur Cinder Acolyte)        Turns: 25031, Time: 02:13:43

Health: -2/108     AC: 29    Str: 23    XL:     14   Next: 50%
Magic:  11/11      EV: 10    Int: 12    God:    Ignis [****..]
Gold:   1833       SH:  7    Dex: 11    Spells: 15/15 levels left

rFire   + + +        W - +3 broad axe (flame)
rCold   + . .        Q - +0 buckler
rNeg    + . .        k - +2 storm dragon scales
rPois   +            U - +2 hat {SInv}
rElec   +            N - scarf {rC+ rF+}
rCorr   +            G - +2 pair of gloves
SInv    +            A - +0 pair of boots
Will    ++...        a - amulet of magic regeneration Stlth
                     s - ring of Noon {rN+ rCorr}
HPRegen 0.38/turn    c - ring "Igutiwui" {rPois rF+ Will+ Int+3 Dex+4}
MPRegen 0.52/turn

%: clarity
@: fiery-armoured, hasted, glowing, very quick
A: horns 2, retaliatory headbutt, clarity, [dopey 1], frail 1[+1], [low MP 2],
[screaming 2]
a: Renounce Religion, Fiery Armour, Foxfire Swarm, Rising Flame


You were on level 2 of the Abyss.
You worshipped Ignis.
Ignis was greatly pleased with you.
You visited 3 branches of the dungeon, and saw 16 of its levels.
You visited the Abyss 1 time.
You also visited: Gauntlet.

You collected 1833 gold pieces.

Inventory:

Hand Weapons
 W - a +3 broad axe of flaming (weapon)
Missiles
 m - 2 boomerangs
 B - 3 throwing nets {!f}
Armour
 k - +2 storm dragon scales (worn)
 A - a +0 pair of boots (worn)
 G - a +2 pair of gloves (worn)
 N - a scarf of resistance (worn)
 Q - a +0 buckler (worn)
 U - a +2 hat of see invisible (worn)
Jewellery
 a - an amulet of magic regeneration (around neck)
 c - the ring "Igutiwui" (right hand) {rPois rF+ Will+ Int+3 Dex+4}
   (You acquired it on level 5 of the Lair of Beasts)

   [ring of willpower]

   Int+3:     It affects your intelligence (+3).
   Dex+4:     It affects your dexterity (+4).
   rF+:       It protects you from fire.
   rPois:     It protects you from poison Will+: It increases your willpower.
 i - a ring of positive energy
 s - the ring of Noon (left hand) {rN+ rCorr}
   (You acquired it on level 5 of the Lair of Beasts)

   [ring of resist corrosion]

   rN+:       It protects you from negative energy.
   rCorr:     It protects you from acid and corrosion.
 v - a +6 ring of strength
 w - a ring of fire
 D - a +4 ring of protection
 M - a ring of ice
Wands
 h - a wand of quicksilver (6) (quivered)
 l - a wand of polymorph (4)
 P - a wand of mindburst (4)
 T - a wand of digging (6)
Scrolls
 b - 4 scrolls of vulnerability
 j - a scroll of brand weapon {unknown}
 n - 2 scrolls of noise
 o - 3 scrolls of silence {!r}
 t - a scroll of poison {unknown}
 x - 3 scrolls of teleportation {!r}
 y - 2 scrolls of amnesia
 F - 5 scrolls of enchant armour
 H - a scroll of butterflies {unknown}
 I - 2 scrolls of revelation {!r}
 K - 2 scrolls of fear {unknown}
 L - 2 scrolls of fog {!r}
 Z - 2 scrolls of immolation {unknown}
Potions
 d - 5 potions of magic {!q}
 e - a potion of invisibility {!q}
 g - 4 potions of enlightenment {!q!q}
 p - 2 potions of cancellation {!q}
 u - a potion of resistance {unknown}
 C - 3 potions of brilliance {!q}
 E - a potion of haste {!q}
 R - a potion of mutation
 V - 2 potions of lignification {!q}


   Skills:
 + Level 15.5 Fighting
 - Level 18.0 Axes
 + Level 4.2 Throwing
 + Level 8.3 Armour
 + Level 8.1 Dodging
 * Level 1.4 Stealth
 - Level 15.0 Shields
 - Level 1.0 Spellcasting
 - Level 2.1 Fire Magic


You had 15 spell levels left.
You didn't know any spells.
Your spell library contained the following spells:

 Spells                   Type           Power      Damage    Failure   Level
 Scorch                   Fire           10%        2d5       77%         2
 Kiss of Death            Conj/Necr      0%         2d5       90%         1
 Sandblast                Erth           0%         2d4       90%         1
 Shock                    Conj/Air       0%         1d3       90%         1
 Summon Small Mammal      Summ           0%         N/A       90%         1
 Blink                    Tloc           0%         N/A       97%         2
 Call Imp                 Summ           0%         N/A       97%         2
 Lesser Beckoning         Tloc           0%         N/A       97%         2
 Momentum Strike          Conj/Tloc      0%         3d8       97%         2
 Sublimation of Blood     Necr           0%         N/A       97%         2
 Call Canine Familiar     Summ           0%         N/A       99%         3
 Confusing Touch          Hex            0%         N/A       99%         3
 Fugue of the Fallen      Necr           0%         N/A       99%         3
 Gell's Gravitas          Tloc           0%         N/A       99%         3
 Ozocubu's Armour         Ice            0%         N/A       99%         3
 Passwall                 Erth           0%         N/A       99%         3
 Stone Arrow              Conj/Erth      0%         3d7       99%         3
 Swiftness                Air            0%         N/A       99%         3
 Teleport Other           Tloc           0%         N/A       99%         3
 Airstrike                Air            0%         2d(0-16)  100%        4
 Animate Dead             Necr           0%         N/A       100%        4
 Brom's Barrelling Bould  Conj/Erth      0%         2d3       100%        4
 Dispel Undead            Necr           0%         3d6       100%        4
 Manifold Assault         Tloc           0%         N/A       100%        4
 Petrify                  Alch/Erth      0%         N/A       100%        4
 Summon Blazeheart Golem  Fire/Summ      3%         N/A       100%        4
 Vhi's Electric Charge    Tloc/Air       0%         N/A       100%        4
 Arcjolt                  Conj/Air       0%         1d10      100%        5
 Borgnjor's Vile Clutch   Necr/Erth      0%         N/A       100%        5
 Fireball                 Conj/Fire      1%         3d3       100%        5
 Irradiate                Conj/Alch      0%         3d11      100%        5
 Iskenderun's Battlesphe  Conj           0%         2d6       100%        5
 Conjure Ball Lightning   Conj/Air       0%         3x3d6     100%        6
 Death Channel            Necr           0%         N/A       100%        6
 Plasma Beam              Fire/Air       1%         2x1d11    100%        6
 Orb of Destruction       Conj           0%         9d5       100%        7
 Summon Hydra             Summ           0%         N/A       100%        7


Dungeon Overview and Level Annotations

Branches:
Dungeon (10/15)            Temple (0/1) D:5            Lair (5/5) D:10
 Shoals (0/4) Lair:3       Spider (0/4) Lair:3        Slime (0/5) Lair:4
    Orc (1/2) D:9         Gauntlet (visited)

Altars:
Ashenzari
Fedhas
Gozag
Hepliaklqana
Kikubaaqudgha
Nemelex Xobeh
Okawaru
Qazlal
Trog
Vehumet
Wu Jian
Xom
Zin
The Shining One
Beogh
Jiyva

Shops:
D:2 [

Annotations:
D:5 4 runed translucent doors
D:10 2 transporters, skewfiend's ghost, journeyman MDMo
Lair:2 exclusion: oklob plant
Lair:3 3 runed translucent doors, Nuemoom's ghost, journeyman TrSh; Wufeno's ghost, journeyman HOFi
Lair:4 3 runed translucent doors, Xaciphiso's ghost, journeyman GrFi


Innate Abilities, Weirdness & Mutations

You have a pair of horns on your head.
You reflexively headbutt those who attack you in melee.
You possess an exceptional clarity of mind.
[You are dopey. (Int -2)]
[You are very frail. (-20% HP)]
[Your magical capacity is very low. (-20% MP)]
[You frequently scream uncontrollably at your foes.]


Message History

You feel better.
The angel hits you with a +2 whip of holy wrath.
* * * LOW HITPOINT WARNING * * *
The angel hits you with a +2 whip of holy wrath!
* * * LOW HITPOINT WARNING * * *
You feel better.
The angel gestures.
The angel is healed somewhat.
Unknown command.
You hit the angel but do no damage.
The angel is severely wounded.
You slash the angel! You burn the angel. Your headbutt misses the angel.
The angel is almost dead.
The angel gestures.
The angel is healed somewhat.
You hit the angel. You burn the angel.
The angel is almost dead.
The angel completely misses you. You furiously retaliate!
You headbutt the angel. You block the angel's attack.
You hit the angel but do no damage. Your headbutt misses the angel.
The angel is almost dead.
Unknown command.
You hit the angel. You burn the angel.
The angel is almost dead.
The angel hits you but does no damage. x2
You hit the angel but do no damage. Your headbutt misses the angel.
The angel is almost dead.
The angel hits you but does no damage.
The angel hits you with a +2 whip of holy wrath.
* * * LOW HITPOINT WARNING * * *
The angel is burned by your cloak of flames.
The angel is almost dead.
Taken [3] Damage!
You left [16]HP You closely miss the angel.
The angel is almost dead.
The angel hits you with a +2 whip of holy wrath!
* * * LOW HITPOINT WARNING * * *
The angel hits you with a +2 whip of holy wrath!
You die...
Ignis goes out, and joins you in death.

# # #. .#
.###.# ....#.
#### ...#..
#...#.# .#
#...@# . #
....#..†A.○..#
# #....#..#..
##.#.# ##
####... # .
....#
X##§...#.. .#
.#. ####. # #
##.


You could see an angel.

Vanquished Creatures
  Gastronok (Lair:2)
  A quicksilver ooze (Lair:4)
  A minotaur (Gauntlet)
  Fannar (Lair:2)
  A hydra (Lair:4)
  Erolcha (D:9)
  A ghost crab (Gauntlet)
  3 catoblepae
  A deep troll shaman (Lair:5)
  13 death yaks
  A thrashing horror (Abyss:2)
  Amaemon (D:8)
  2 large abominations (Abyss:2)
  Pikel (D:8)
  2 deep elf pyromancers (Orc:1)
  An oklob plant (Lair:5)
  A lindwurm (Lair:5)
  A merfolk siren (Lair:3)
  3 black mambas
  8 elephants
  An orange demon (D:8)
  A gargoyle (D:10)
  12 cane toads
  Maggie (D:7)
  A torpor snail (Lair:5)
  9 komodo dragons
  Jeremiah (D:7)
  2 rime drakes (Lair:3)
  4 polar bears
  A merfolk (Lair:3)
  3 hornets
  4 trolls
  22 blink frogs
  6 dream sheep (Lair:4)
  3 raiju (Abyss:2)
  4 slime creatures (Lair:4)
  3 shadows (Gauntlet)
  5 wraiths (D:10)
  2 wyverns
  Eustachio (D:4)
  3 hogs (D:10)
  4 basilisks
  47 yaks
  A human (D:10)
  2 steam dragons (D:9)
  2 swamp worms (Lair:3)
  An acid dragon (D:10)
  12 water moccasins
  10 orc warriors
  An ice beast (D:7)
  2 laughing skulls (Gauntlet)
  4 black bears
  3 ogres
  14 wolves
  6 centaurs
  A phantom (D:5)
  5 kobold brigands
  11 bullfrogs
  A gnoll sergeant (D:6)
  11 scorpions
  A small abomination (Abyss:2)
  5 wights (D:8)
  12 killer bees
  2 howler monkeys
  An electric eel (Lair:3)
  A hound (D:4)
  5 jellies
  A lava snake (Lair:2)
  9 orc priests
  7 hell rats (Lair:4)
  3 iguanas
  20 orc wizards
  8 gnolls
  11 adders
  2 shadow imps
  5 dart slugs
  44 orcs
  6 endoplasms
  5 giant cockroaches
  8 goblins
  10 hobgoblins
  22 jackals
  21 kobolds
  4 quokkas
  4 ball pythons
  3 bats
  3 frilled lizards
  4 rats
499 creatures vanquished.

Vanquished Creatures (others)
  A laughing skull (Abyss:2)
  A scorpion (Lair:3)
  2 orc wizards
  2 orcs (D:9)
  A foxfire (D:6)
7 creatures vanquished.

Grand Total: 506 creatures vanquished

Notes
Turn   | Place    | Note
-------+----------+-------------------------------------------
     0 | D:1      | namul the Minotaur Cinder Acolyte began the quest for the
                  | Orb.
     0 | D:1      | Reached XP level 1. HP: 19/19 MP: 1/1
    69 | D:1      | Reached skill level 4 in Axes
    69 | D:1      | Reached XP level 2. HP: 27/27 MP: 2/2
   313 | D:1      | Reached XP level 3. HP: 31/34 MP: 3/3
  1101 | D:2      | Found Maippeis's Armour Boutique.
  1135 | D:2      | Reached XP level 4. HP: 36/41 MP: 4/4
  1209 | D:2      | Reached skill level 5 in Fighting
  1209 | D:2      | Reached skill level 5 in Axes
  2345 | D:3      | Reached XP level 5. HP: 47/48 MP: 5/5
  2429 | D:3      | Found a roughly hewn altar of Beogh.
  2429 | D:3      | Found the +7 staff of the Meek {protect, meekguard}
  2451 | D:3      | Found a radiant altar of Vehumet.
  2598 | D:3      | Found a faded altar of an unknown god.
  2682 | D:3      | Reached skill level 6 in Axes
  2800 | D:3      | Found an ornate altar of the Wu Jian Council.
  3189 | D:4      | Noticed a black bear
  3480 | D:4      | Reached XP level 6. HP: 47/57 MP: 6/6
  3649 | D:4      | Found an ancient bone altar of Kikubaaqudgha.
  3743 | D:4      | Noticed Eustachio
  3757 | D:4      | Killed Eustachio
  3758 | D:4      | Reached skill level 1 in Throwing
  4412 | D:4      | Reached skill level 7 in Axes
  4412 | D:4      | Reached XP level 7. HP: 66/66 MP: 7/7
  4651 | D:5      | Entered Level 5 of the Dungeon
  4724 | D:5      | Found a bloodstained altar of Trog.
  4887 | D:5      | Found a staircase to the Ecumenical Temple.
  4948 | D:5      | Found a broken altar of Ashenzari.
  5052 | D:5      | Found a large runed translucent door.
  5052 | D:5      | Found a large runed translucent door.
  5057 | D:5      | Found a large runed translucent door.
  5057 | D:5      | Found a large runed translucent door.
  5441 | D:5      | Noticed a yak
  5444 | D:5      | Killed a yak
  5445 | D:5      | Reached skill level 8 in Axes
  5461 | D:5      | Identified the staff "Bihim" {rC+ Dex+2 Conj Ice}
  5501 | D:5      | Reached XP level 8. HP: 56/75 MP: 8/8
  5807 | D:6      | Found a hazy altar of Hepliaklqana.
  5946 | D:6      | Reached skill level 9 in Axes
  6465 | D:6      | Reached skill level 10 in Axes
  6467 | D:6      | Reached skill level 10 in Fighting
  6468 | D:6      | Reached skill level 1 in Armour
  6468 | D:6      | Reached skill level 1 in Dodging
  6760 | D:6      | Gained mutation: [You are frail. (-10% HP)] [potion of
                  | mutation]
  6760 | D:6      | Gained mutation: You possess an exceptional clarity of
                  | mind. [potion of mutation]
  7134 | D:7      | Found a glowing silver altar of Zin.
  7220 | D:7      | Noticed Jeremiah
  7271 | D:7      | Killed Jeremiah
  7272 | D:7      | Reached XP level 9. HP: 39/76 MP: 9/9
  7559 | D:7      | Found a stormy altar of Qazlal.
  7660 | D:7      | Noticed Maggie
  7665 | D:7      | Killed Maggie
  7743 | D:8      | Reached skill level 11 in Axes
  7963 | D:8      | Noticed Amaemon
  7965 | D:8      | Noticed an orange demon
  8090 | D:8      | Reached skill level 5 in Armour
  8095 | D:8      | Reached skill level 5 in Dodging
  8406 | D:8      | Noticed Pikel
  8418 | D:8      | Killed Pikel
  8419 | D:8      | Reached skill level 12 in Axes
  8419 | D:8      | Reached XP level 10. HP: 72/83 MP: 10/10
  8640 | D:8      | Reached skill level 13 in Axes
  8728 | D:8      | Killed an orange demon
  8741 | D:8      | Killed Amaemon
  8742 | D:8      | Reached skill level 14 in Axes
  9404 | D:9      | Noticed Erolcha
  9421 | D:9      | Killed Erolcha
  9422 | D:9      | Reached skill level 1 in Shields
  9602 | D:9      | Found an iron altar of Okawaru.
  9888 | D:9      | Found a staircase to the Orcish Mines.
  9894 | D:9      | Found a roughly hewn altar of Beogh.
  9900 | D:9      | Reached XP level 11. HP: 90/90 MP: 11/11
 10107 | D:9      | Found a sparkling altar of Nemelex Xobeh.
 10107 | D:9      | Found a shimmering altar of Xom.
 10256 | Orc:1    | Entered Level 1 of the Orcish Mines
 10257 | Orc:1    | Noticed a deep elf zephyrmancer
 10284 | D:10     | Entered Level 10 of the Dungeon
 10284 | D:10     | Found an opulent altar of Gozag.
 10431 | D:10     | Found a transporter.
 10497 | D:10     | Found a staircase to the Lair.
 10505 | D:10     | Found a blossoming altar of Fedhas.
 10558 | D:10     | Found a transporter.
 10567 | D:10     | Found the ring of Shadows {Umbra +Inv Stlth+}
 10575 | D:10     | Noticed skewfiend's ghost (journeyman MDMo)
 11832 | D:10     | Reached skill level 5 in Shields
 11894 | D:10     | Reached skill level 15 in Axes
 12087 | D:10     | Found a glowing golden altar of the Shining One.
 12191 | Lair:1   | Entered Level 1 of the Lair of Beasts
 13264 | Lair:1   | Reached XP level 12. HP: 82/101 MP: 12/12
 14488 | Lair:2   | Reached skill level 16 in Axes
 15318 | Lair:2   | Noticed Fannar
 15339 | Lair:2   | Killed Fannar
 15852 | Lair:2   | Noticed Gastronok
 15877 | Lair:2   | Killed Gastronok
 16583 | Lair:3   | Reached skill level 10 in Shields
 16657 | Lair:3   | Reached skill level 17 in Axes
 16812 | Lair:3   | Noticed a death yak
 16812 | Lair:3   | Noticed a death yak
 16812 | Lair:3   | Noticed a death yak
 16815 | Lair:3   | Noticed a death yak
 16818 | Lair:3   | Noticed a death yak
 16838 | Lair:3   | Killed a death yak
 16839 | Lair:3   | Reached XP level 13. HP: 56/111 MP: 13/13
 17133 | Lair:3   | Found a hole to the Spider Nest.
 17382 | Lair:3   | Found a runed translucent gate.
 17387 | Lair:3   | Found a runed translucent gate.
 17392 | Lair:3   | Found a runed translucent gate.
 17394 | Lair:3   | Noticed Wufeno's ghost (journeyman HOFi)
 17394 | Lair:3   | Noticed Nuemoom's ghost (journeyman TrSh)
 17955 | Lair:3   | Found a staircase to the Shoals.
 18954 | Lair:4   | Found a viscous altar of Jiyva.
 18976 | Lair:4   | Reached skill level 15 in Fighting
 19104 | Lair:4   | Found a staircase to the Slime Pits.
 19240 | Lair:4   | Found a gate leading to a gauntlet.
 19247 | Lair:4   | Found a runed translucent gate.
 19261 | Lair:4   | Found a runed translucent gate.
 19263 | Gauntlet | Entered a Gauntlet
 19263 | Gauntlet | Found a transporter.
 19279 | Gauntlet | Found a transporter.
 19294 | Gauntlet | Found a transporter.
 19299 | Gauntlet | Found a transporter.
 19314 | Gauntlet | Found a transporter.
 19333 | Gauntlet | Found a transporter.
 19337 | Gauntlet | Noticed a green death
 19345 | Gauntlet | Found a transporter.
 19357 | Gauntlet | Found a transporter.
 19357 | Gauntlet | Noticed a cacodemon
 19365 | Gauntlet | Found a large runed translucent door.
 19366 | Gauntlet | Found a large runed translucent door.
 19367 | Gauntlet | Found a large runed translucent door.
 19367 | Gauntlet | Found a large runed translucent door.
 19368 | Gauntlet | Found a runed translucent gate.
 19369 | Gauntlet | Found a transporter.
 19369 | Gauntlet | Found a runed translucent gate.
 19370 | Gauntlet | Found a runed translucent gate.
 19371 | Gauntlet | Found a large runed translucent door.
 19371 | Gauntlet | Found a large runed translucent door.
 19372 | Gauntlet | Found a large runed translucent door.
 19373 | Gauntlet | Found a large runed translucent door.
 19381 | Gauntlet | Found a transporter.
 19383 | Gauntlet | Found a large runed translucent door.
 19383 | Gauntlet | Found a large runed translucent door.
 19383 | Gauntlet | Found a runed translucent door.
 19383 | Gauntlet | Found a runed translucent door.
 19384 | Gauntlet | Found a large runed translucent door.
 19385 | Gauntlet | Found a large runed translucent door.
 19387 | Gauntlet | Found a transporter.
 19387 | Gauntlet | Found a transporter.
 19426 | Gauntlet | Found a large runed translucent door.
 19426 | Gauntlet | Found a large runed translucent door.
 19426 | Gauntlet | Found a transporter.
 19427 | Gauntlet | Found a large runed translucent door.
 19453 | Gauntlet | Found a transporter.
 19455 | Gauntlet | Found a transporter.
 19475 | Gauntlet | Found a transporter.
 19553 | Gauntlet | Found a transporter.
 19573 | Gauntlet | Found a transporter.
 19589 | Gauntlet | Found a large runed translucent door.
 19893 | Gauntlet | Noticed a minotaur
 19909 | Gauntlet | Killed a minotaur
 19910 | Gauntlet | Reached skill level 18 in Axes
 20201 | Lair:4   | Found a runed translucent gate.
 20299 | Lair:4   | Noticed a quicksilver ooze
 20310 | Lair:4   | Killed a quicksilver ooze
 20668 | Lair:4   | Noticed Xaciphiso's ghost (journeyman GrFi)
 21166 | Lair:5   | Entered Level 5 of the Lair of Beasts
 21989 | Lair:5   | Identified 3 scrolls of acquirement
 21989 | Lair:5   | Acquired the ring "Igutiwui" {rPois rF+ Will+ Int+3 Dex+4}
 21990 | Lair:5   | Acquired the ring of Noon {rN+ rCorr}
 21991 | Lair:5   | Acquired 781 gold pieces
 22085 | Lair:5   | Reached XP level 14. HP: 47/121 MP: 14/14
 22452 | Lair:5   | Reached skill level 15 in Shields
 22937 | Lair:5   | HP: 3/121 [death yak (9)]
 22937 | Lair:5   | HP: 1/121 [catoblepas/blast of calcifying dust (2)]
 24040 | Orc:1    | Noticed an orc warlord
 24448 | Orc:1    | Found a roughly hewn altar of Beogh.
 24654 | Abyss:2  | Cast into level 2 of the Abyss (orc warlord)
 24974 | Abyss:2  | Reached skill level 1 in Stealth
 25007 | Abyss:2  | Noticed an angel
 25031 | Abyss:2  | Slain by an angel

Illustrated notes

Levels and vault maps discovered:
D:1:      scummos_arrival_star, layout_loops_ring, serial_forest,
          infiniplex_forest_clump_large, infiniplex_forest_straight_5,
          infiniplex_forest_lined_2, infiniplex_forest_clump_medium,
          infiniplex_forest_end_3, infiniplex_forest_straight_4
D:2:      layout_basic, serial_shops, shop
D:3:      layout_loops_cross, old_standard_altar,
          mainiacjoe_overflow_small_starburst, basic_ecumenical_altar,
          pf_guarded_unrand_meek
D:4:      layout_gridville, nicolae_kikubaaqudgha_miasma_corner, uniq_eustachio
D:5:      layout_basic, lemuel_round_altar, trog_antimagical,
          minmay_temple_entry_wispy, chequers_garden,
          minmay_hollow_rounded_squares
D:6:      layout_cave_pods, mainiacjoe_overflow_chevrons, serial_column_ruins,
          column_ruins_square_medium, column_ruins_grid_1,
          column_ruins_open_small, column_ruins_open_medium_water,
          column_ruins_columns_dead_end, column_ruins_columns_dead_end,
          column_ruins_columns_straight
D:7:      layout_gridville, lemuel_doored_altar,
          nicolae_qazlal_scattered_showers, uniq_jeremiah, uniq_maggie
D:8:      layout_cave_pools, uniq_amaemon, uniq_pikel
D:9:      layout_rooms, okawaru_metal_pillars_1_2, minitemple,
          minmay_orc_entry_temple_small, uniq_erolcha
D:10:     layout_basic, mainiacjoe_overflow_cross_hatched,
          nicolae_gozag_seed_capital, kennysheep_mini_moat, lair_entry_dummy,
          gammafunk_ghost_berserking_beasts, grunt_livestock,
          minmay_variable_closet, kennysheep_kite_vault
Lair:1:   layout_layer_cave, minmay_stone_trees_small, serial_bayou_shore_b,
          serial_bayou_shore_b
Lair:2:   layout_gridlike, beast_lair_carwin_7, uniq_gastronok, uniq_fannar
Lair:3:   layout_chaotic_city, elwin_shoals_entry_rooms,
          nicolae_spider_entry_non_spiders, gammafunk_ghost_cemetery,
          chequers_serial_rivers_small_a, minmay_hedge_maze, worms_lemuel
Lair:4:   layout_misc_corridors, slime_entry_1, gauntlet_entry_generic,
          gammafunk_ghost_icy, minivault_25, nicolae_lair_time_for_slime
Lair:5:   grunt_lair_end_beastmaster, layout_loops_ring,
          minmay_lair_oklob_items, st_stairs_5, serial_bayou_shore_b
Orc:1:    layout_caves, serial_shops, nicolae_shop_behind_doors, basic_altar,
          gammafunk_ghost_smash, elves_outpost_lemuel
Abyss:2:  base:
Lair:1

Skill      XL: |  1  2  3  4  5  6  7  8  9 10 11 12 13 14 |
---------------+-------------------------------------------+-----
Fighting       | 4 5 6 7 8 10 12 14 15 | 15.5
Axes           | 4 5 6 7 8 10 12 14 15 17 18 | 18.0
Throwing       | 2 4 |  4.2
Armour         | 2 5 6 7 8 |  8.3
Dodging        | 2 5 6 7 8 |  8.1
Shields        | 3 7 10 14 15 | 15.0
Stealth        | 1 |  1.4
Spellcasting   | |  1.0
Fire Magic     | |  2.1

Action                     |  1- 3 |  4- 6 |  7- 9 | 10-12 | 13-15 || total
---------------------------+-------+-------+-------+-------+-------++-------
  Melee: Hand axe          |   273 |   146 |   180 |   245 |       ||   844
         Headbutt          |    88 |    17 |    24 |   117 |   145 ||   391
         War axe           |       |       |       |   377 |   138 ||   515
         Broad axe         |       |       |       |       |   409 ||   409
  Throw: Throwing net      |       |     1 |       |       |       ||     1
         Javelin           |       |       |       |       |     4 ||     4
         Dart              |       |       |       |       |     2 ||     2
 Invoke: Foxfire Swarm     |       |       |     1 |       |       ||     1
         Fiery Armour      |       |       |       |     2 |     1 ||     3
  Evoke: Wand              |       |       |       |     9 |     5 ||    14
    Use: Scroll            |       |       |    10 |    10 |    14 ||    34
         Potion            |       |       |     1 |     8 |     9 ||    18
   Stab: Held in net/web   |       |     1 |       |       |       ||     1
         Distracted        |       |       |     1 |       |       ||     1
         Petrified         |       |       |       |       |    15 ||    15
         Invisible         |       |       |       |       |     2 ||     2
         Petrifying        |       |       |       |       |     1 ||     1
 Armour: Robe              |    34 |    38 |       |       |       ||    72
         Storm dragon scal |       |    93 |   220 |   481 |   437 ||  1231
         Skin              |       |       |       |    72 |       ||    72
  Dodge: Dodged            |    43 |    77 |   135 |   224 |   163 ||   642
  Block: Buckler           |       |       |       |   100 |   122 ||   222

Table legend: (Time is in decaauts)
 A = Elapsed time spent in this place.
 B = Non-inter-level travel time spent in this place.
 C = Inter-level travel time spent in this place.
 D = Time resting spent in this place.
 E = Time spent auto-exploring this place.
 F = Levels seen in this place.
 G = Mean time per level.
                   A        B        C        D        E       F      G
               +--------+--------+--------+--------+--------+-----+--------+
         Total |  24899 |  24669 |    230 |   4754 |  10935 |  18 | 1383.3 |
       Dungeon |  13268 |  13131 |    137 |    379 |   7212 |  10 | 1326.8 |
          Lair |  10122 |  10029 |     93 |   3811 |   3423 |   5 | 2024.4 |
  Orcish Mines |    237 |    237 |      0 |    105 |      0 |   1 |  237.0 |
         Abyss |    341 |    341 |      0 |    214 |      2 |   1 |  341.0 |
      Gauntlet |    929 |    929 |      0 |    244 |    298 |   1 |  929.0 |
               +--------+--------+--------+--------+--------+-----+--------+

Top non-repeatable levels by time:
  Lair:5: 2637 daAuts
    D:10: 2487 daAuts
  Lair:3: 2442 daAuts
  Lair:2: 1990 daAuts
  Lair:1: 1750 daAuts
     D:4: 1495 daAuts
     D:9: 1375 daAuts
     D:2: 1312 daAuts
  Lair:4: 1301 daAuts
     D:6: 1240 daAuts
     D:8: 1220 daAuts
     D:5: 1170 daAuts
     D:7: 1106 daAuts
     D:1: 1087 daAuts
Gauntlet: 929 daAuts
